AoeStats
← AOELG_bravedave92

Golden Pit

508606062Analyzed
1v1 RM · 10d ago on Sep 23, 2026· 50m 6s· 2 players
Game mode
Random Map
Map size
Tiny (2 player)
Population
200
Speed
Normal
Resources
Standard
Victory
Conquest
Starting age
Dark Age
Ending age
Imperial Age
RankedLock teamsTeams togetherTeam positionsShared explorationLock speedFull tech treeHidden civsTurbo modeCheats
Victory
Defeat
🇩🇪 Persians · Germany
881
+14
🇨🇷 Burgundians · Costa Rica
845
-14
ludaroja
0:50 Loom
12:42 Feudal Age
11:21 Double-Bit Axe
11:22 Horse Collar
14:04 Bow Saw
14:38 Heavy Plow
25:09 Castle Age
23:17 Scale Barding Armor
23:24 Forging
24:12 Fletching
24:23 Padded Archer Armor
25:37 Cavalier
26:18 Husbandry
26:42 Stone Mining
28:36 Wheelbarrow
28:51 Crop Rotation
28:46 Elite Skirmisher
30:05 Gold Mining
30:23 Crossbowman
32:54 Hand Cart
34:26 Leather Archer Armor
39:47 Two-Man Saw
40:41 Pikeman
41:21 Squires
44:23 Imperial Age
41:39 Town Watch
42:42 Scale Mail Armor
43:18 Iron Casting
44:28 Paladin
46:30 Capped Ram
49:00 Halberdier
AOELG_bravedave92
5:01 Loom
10:18 Feudal Age
10:53 Double-Bit Axe
14:23 Bloodlines
15:12 Forging
18:32 Horse Collar
24:11 Castle Age
23:11 Scale Barding Armor
22:56 Fletching
24:20 Scale Mail Armor
25:44 Wheelbarrow
27:13 Iron Casting
27:00 Chain Barding Armor
27:29 Bow Saw
27:03 Pikeman
28:25 Husbandry
28:57 Heavy Plow
30:03 Stone Mining
33:38 Hand Cart
37:02 Bodkin Arrow
37:08 Padded Archer Armor
40:17 Imperial Age
37:09 Crossbowman
38:23 Ballistics
38:11 Thumb Ring
39:53 Leather Archer Armor
39:02 Elite Skirmisher
42:00 Conscription
41:54 Citadels
42:46 Crop Rotation
43:51 Two-Man Saw
44:05 Chemistry
43:30 Gold Mining
45:32 Ring Archer Armor
46:03 Blast Furnace
45:18 Heavy Camel Rider
47:25 Plate Barding Armor
48:28 Gold Shaft Mining
48:33 Stone Shaft Mining
48:40 Stone Shaft Mining
48:07 Elite War Elephant
49:25 Masonry
49:17 Murder Holes
Connection lost

Rejoining the realm…

Still unreachable

The connection could not be restored.

Session expired

The server has moved on; the page needs a fresh start.